 Dungeon Crawl Stone Soup version 0.30.0-18-gc0e69614cb (webtiles) character file.

Game seed: 3352428807600090460

57 wingedge the Stinger (level 4, 0/32 HPs)
             Began as a Human Wanderer on May 25, 2023.
             Constricted to death by a ball python (1 damage)
             ... on level 2 of the Dungeon.
             The game lasted 00:04:53 (1381 turns).

wingedge the Stinger (Human Wanderer)               Turns: 1381, Time: 00:04:54

Health: 0/32       AC:  2    Str:  9    XL:     4   Next: 18%
Magic:  0/7        EV:  7    Int: 18    God:
Gold:   38         SH:  4    Dex: 12    Spells: 6/7 levels left

rFire   . . .        h - +0 rapier
rCold   . . .        d - +0 buckler
rNeg    . . .        c - +0 robe
rPois   .            (no helmet)
rElec   .            (no cloak)
rCorr   .            (no gloves)
SInv    .            (no boots)
Will    .....        (no amulet)
Stlth   +            (no ring)
HPRegen 0.25/turn    (no ring)
MPRegen 0.10/turn

%: no passive effects
@: slowed, constricted, very slow
A: no striking features
a: no special abilities


You were on level 2 of the Dungeon.
You visited 1 branch of the dungeon, and saw 2 of its levels.

You collected 38 gold pieces.

Inventory:

Hand Weapons
 a - a +0 dagger
 h - a +0 rapier (weapon)
Armour
 c - a +0 robe (worn)
 d - a +0 buckler (worn)
Scrolls
 f - 4 scrolls of identify {unknown}
 i - 2 scrolls of teleportation
 j - a scroll of amnesia {unknown}
 k - a scroll of torment {unknown}
Potions
 b - a potion of curing {unknown}
 e - a potion of ambrosia {unknown}
 g - a potion of brilliance {unknown}


   Skills:
 - Level 1.0 Fighting
 - Level 1.0 Armour
 - Level 2.0 Shields
 + Level 2.4 Spellcasting
 - Level 1.0 Translocations
 - Level 2.0 Transmutations
 - Level 5.0 Poison Magic


You had 6 spell levels left.
You knew the following spells:

 Your Spells              Type           Power      Damage    Failure   Level
a - Sting                 Tmut/Pois      56%        1d5       6%          1

Your spell library contained the following spells:

 Spells                   Type           Power      Damage    Failure   Level
 Apportation              Tloc           10%        N/A       17%         1
 Ignite Poison            Fire/Tmut/Pois 10%        N/A       30%         3
 Mephitic Cloud           Conj/Pois/Air  8%         N/A       36%         3
 Teleport Other           Tloc           5%         N/A       45%         3


Dungeon Overview and Level Annotations

Branches:
Dungeon (2/15)

Altars:


Message History

The cerulean imp hits you from afar with a +2 spear.
You closely miss Natasha.
Natasha is severely wounded.
The cerulean imp disappears in a puff of smoke!
Natasha stares at you and mumbles some strange words.
You feel yourself slow down. Natasha claws you.
* * * LOW HITPOINT WARNING * * *
The ball python barely misses you. The ball python grabs you.
The ball python constricts you.
* * * LOW HITPOINT WARNING * * *
Okay, then.
You barely miss Natasha.
Natasha is severely wounded.
You kill Natasha!
Natasha screams in fury as she dies!
The ball python bites you but does no damage.
The ball python constricts you. The ball python bites you.
* * * LOW HITPOINT WARNING * * *
The ball python constricts you.
Training target 1.0 for Fighting reached!
Your Fighting skill increases to level 1!
You have reached level 4!
You feel agile.
Casting: Sting (safe; 6% risk of failure)
Confirm with . or Enter, or press ? or * to list all spells.
Aiming: Sting (safe; 6% risk of failure)
Press: ? - help, Shift-Dir - straight line, f - ball python
Aim: a ball python (constricting you, 68% to hit)
The sting misses the ball python.
You block the ball python's attack. The ball python constricts you.
You hit the ball python.
The ball python is severely wounded.
The ball python bites you but does no damage.
The ball python constricts you.
* * * LOW HITPOINT WARNING * * *
The ball python bites you but does no damage.
The ball python constricts you. The ball python bites you.
* * * LOW HITPOINT WARNING * * *
The ball python constricts you.
You die...

#.# #.# ### #.#
..#####.#######
#.##...........
#.##.##.#######
###.#......##
#......S....#
#.###.#.#.@†...##
#.......#####)##
#####.### #.# #.#
#)# ####.# #'#
#....# ... #.####
..... #..##


hg..... ########...####......... You could see a ball python.

Vanquished Creatures
  Natasha (D:2)
  An endoplasm (D:1)
  A giant cockroach (D:1)
  A hobgoblin (D:1)
  10 jackals
  A quokka (D:1)
  3 ball pythons
  3 bats
  2 frilled lizards
  5 goblins
28 creatures vanquished.

Notes
Turn   | Place    | Note
-------+----------+-------------------------------------------
     0 | D:1      | wingedge the Human Wanderer began the quest for the Orb.
     0 | D:1      | wingedge set off with the following items: a +0 dagger, a
                  | scroll of teleportation, a +0 robe, a +0 buckler; and the
                  | following spells available to memorise: Sting, Apportation,
                  | Ignite Poison, Mephitic Cloud, Teleport Other.
     0 | D:1      | Reached XP level 1. HP: 13/13 MP: 2/2
     2 | D:1      | Learned a level 1 spell: Sting
   133 | D:1      | Reached skill level 1 in Transmutations
   186 | D:1      | Reached XP level 2. HP: 19/19 MP: 0/3
   770 | D:1      | Reached XP level 3. HP: 24/24 MP: 1/5
  1363 | D:2      | Noticed Natasha
  1379 | D:2      | Killed Natasha
  1380 | D:2      | Reached skill level 1 in Fighting
  1380 | D:2      | Reached XP level 4. HP: 2/32 MP: 1/7
  1381 | D:2      | HP: 1/32 [ball python (1)]
  1381 | D:2      | Constricted to death by a ball python

Illustrated notes

Levels and vault maps discovered:
D:1:      lemuel_arrival_hallway, layout_loops_ring
D:2:      layout_loops_corners, uniq_natasha

Skill      XL: |  1  2  3 |
---------------+----------+-----
Transmutations | 1 2 |  2.0
Spellcasting   | 2 |  2.4
Fighting       | 1 |  1.0
Armour         | |  1.0
Shields        | |  2.0
Translocations | |  1.0
Poison Magic   | |  5.0

Action                     |  1- 3 |  4- 6 || total
---------------------------+-------+-------++-------
  Melee: Dagger            |    34 |       ||    34
         Rapier            |    12 |     1 ||    13
   Cast: Sting             |    40 |     1 ||    41
    Use: Scroll            |     1 |       ||     1
 Armour: Robe              |    14 |     2 ||    16
  Dodge: Dodged            |    43 |       ||    43
  Block: Buckler           |    11 |     1 ||    12
